 Seeded DCSS version 0.30-a0-743-gbfdf073431 (webtiles) character file.

Game seed: 18430768202825038846 (custom seed)

160 timneilson the Covered (level 5, -5/33 HPs)
             Began as a Gargoyle Fighter on Feb 6, 2023.
             Killed from afar by Natasha (7 damage)
             ... with a magic dart
             ... on level 2 of the Dungeon.
             The game lasted 00:02:33 (994 turns).

timneilson the Covered (Gargoyle Fighter)            Turns: 994, Time: 00:02:34

Health: -5/33      AC: 19    Str: 19    XL:     5   Next: 41%
Magic:  5/5        EV:  2    Int:  9    God:
Gold:   48         SH:  4    Dex: 11    Spells: 4/4 levels left

rFire   + . .      SeeInvis .    a - +0 long sword (chaos)
rCold   + . .      Faith    .    c - +0 buckler
rNeg    + . .      Spirit   .    n - +0 gold dragon scales
rPois   ∞          Reflect  .    e - +0 helmet
rElec   +          Harm     .    (no cloak)
rCorr   .          Rampage  .    (no gloves)
Will    .....                    (no boots) Stlth
                                 (no amulet)
HPRegen 0.25/turn                (no ring)
MPRegen 0.09/turn                (no ring)

@: slowed, very slow
A: sickness immunity, AC +4, negative energy resistance 1, electricity
resistance, torment resistance 1, petrification resistance
a: no special abilities


You were on level 2 of the Dungeon.
You visited 1 branch of the dungeon, and saw 2 of its levels.

You collected 48 gold pieces.

Inventory:

Hand Weapons
 a - a +0 long sword of chaos (weapon)
Armour
 c - a +0 buckler (worn)
 e - a +0 helmet (worn)
 n - +0 gold dragon scales (worn)
Jewellery
 i - a ring of fire
Scrolls
 g - a scroll of immolation
Potions
 b - a potion of lignification {unknown}
 d - 2 potions of might
 j - 2 potions of curing
 l - a potion of brilliance {unknown}
 m - a potion of haste {unknown}


   Skills:
 + Level 3.7 Fighting
 * Level 2.8 Long Blades
 * Level 4.4 Armour
 + Level 1.1 Dodging
 * Level 4.2 Shields


You had 4 spell levels left.
You didn't know any spells.
Your spell library contained the following spells:

 Spells                   Type           Power      Damage    Failure   Level
 Poisonous Vapours        Pois/Air       0%         N/A       100%        2
 Mephitic Cloud           Conj/Pois/Air  0%         N/A       100%        3
 Cigotuvi's Dreadful Rot  Necr/Pois/Air  Unusable   N/A       N/A         2

Dungeon Overview and Level Annotations

Branches:
Dungeon (2/15)

Altars:

Annotations:
D:2 Natasha


Innate Abilities, Weirdness & Mutations

You are immune to sickness and miasma.
Your stone body is resilient. (AC +4)
You are immune to poison.
You resist negative energy. (rN+)
You are resistant to electric shocks. (rElec)
You are resistant to unholy torment.
You are immune to petrification.


Message History

The adder bites you but does no damage. The adder bites you.
Natasha stares at you and mumbles some strange words.
The magic dart hits you but does no damage.
A rat comes into view.
The adder bites you but does no damage.
You barely miss Natasha.
Natasha is almost dead.
Natasha claws you but does no damage. The adder bites you but does no damage.
Natasha claws you but does no damage. The adder bites you but does no damage.
The crimson imp shouts, "Remove thy stench, thou pox-marked flap-mouthed flax-wench!"
You hit Natasha but do no damage.
Natasha is almost dead.
The adder bites you but does no damage. Natasha claws you.
The adder bites you but does no damage.
Natasha casts a spell.
The adder bites you but does no damage.
You barely miss Natasha.
Natasha is almost dead.
The adder bites you.
* * * LOW HITPOINT WARNING * * *
Natasha claws you but does no damage. The crimson imp spits at you.
The crimson imp blinks!
The adder bites you but does no damage.
Natasha casts a spell.
You closely miss Natasha.
Natasha is almost dead.
The crimson imp disappears in a puff of smoke!
The adder bites you but does no damage. Natasha claws you but does no damage.
The adder bites you but does no damage. Natasha claws you but does no damage.
You block the adder's attack.
You closely miss Natasha.
Natasha is almost dead.
The adder bites you.
* * * LOW HITPOINT WARNING * * *
Natasha claws you!
* * * LOW HITPOINT WARNING * * *
The adder bites you but does no damage.
Natasha stares at you and mumbles some strange words.
The magic dart hits you!
You die...

#........ ####..###
#..## ## #########...#
.$ ............## ##.
########.....# #..
#######.....#
###.########§..........#
#..gwSS@h55..#####.##.##
.<...#r##########
##)##.)> .## #w.#
#.)####. #?.# ##### #.##
#. .... .... #)# ###.
..#.# #.. #)# #...
..##.# #.# #)###... #.#
#.# ##.######.#..... ..
!.#####.......))†.####


You could see a worm, Natasha (agile), 2 crimson imps, an adder, a goblin, a
ball python and a rat.

Vanquished Creatures
  A jelly (D:1)
  Natasha (twice) (D:2)
  Robin (D:2)
  A dart slug (D:1)
  6 ball pythons
  8 endoplasms
  8 giant cockroaches (D:1)
  12 goblins
  4 hobgoblins
  3 jackals (D:1)
  3 kobolds (D:1)
  3 quokkas
  2 bats
  A frilled lizard (D:2)
  4 rats (D:1)
59 creatures vanquished.

Notes
Turn   | Place    | Note
-------+----------+-------------------------------------------
     0 | D:1      | timneilson the Gargoyle Fighter began the quest for the
                  | Orb.
     0 | D:1      | Reached XP level 1. HP: 14/14 MP: 1/1
     0 | D:1      | Noticed a jelly
     1 | D:1      | Found a runed translucent door.
   155 | D:1      | Reached XP level 2. HP: 19/19 MP: 2/2
   601 | D:1      | Reached XP level 3. HP: 21/23 MP: 3/3
   721 | D:1      | Reached XP level 4. HP: 14/28 MP: 4/4
   829 | D:2      | Noticed Robin
   829 | D:2      | Noticed Natasha
   839 | D:2      | Killed Natasha
   840 | D:2      | Reached skill level 1 in Dodging
   841 | D:2      | Killed Robin
   842 | D:2      | Reached XP level 5. HP: 22/33 MP: 5/5
   961 | D:2      | Noticed Natasha
   975 | D:2      | Killed Natasha
   980 | D:2      | Noticed Natasha
   994 | D:2      | Killed from afar by Natasha

Illustrated notes

Levels and vault maps discovered:
D:1:      dpeg_arrival_caged_fury, layout_basic
D:2:      layout_rooms, basic_altar, minmay_split_cup_small, uniq_natasha,
          uniq_jessica, uniq_robin, uniq_sigmund

Skill      XL: |  1  2  3  4 |
---------------+-------------+-----
Long Blades    | 2 |  2.8
Armour         | 4 |  4.4
Dodging        | 1 |  1.1
Shields        | 4 |  4.2
Fighting       | |  3.7

Action                     |  1- 3 |  4- 6 || total
---------------------------+-------+-------++-------
  Melee: Long sword        |   107 |    89 ||   196
    Use: Scroll            |       |     5 ||     5
 Armour: Scale mail        |    27 |       ||    27
         Gold dragon scale |    31 |   133 ||   164
  Dodge: Dodged            |    33 |    16 ||    49
  Block: Buckler           |    21 |    27 ||    48

Table legend: (Time is in decaauts)
 A = Elapsed time spent in this place.
 B = Non-inter-level travel time spent in this place.
 C = Inter-level travel time spent in this place.
 D = Time resting spent in this place.
 E = Time spent auto-exploring this place.
 F = Levels seen in this place.
 G = Mean time per level.
                   A        B        C        D        E       F      G
               +--------+--------+--------+--------+--------+-----+--------+
         Total |   1072 |   1066 |      6 |     19 |    592 |   2 |  536.0 |
       Dungeon |   1072 |   1066 |      6 |     19 |    592 |   2 |  536.0 |
               +--------+--------+--------+--------+--------+-----+--------+

Top non-repeatable levels by time:
     D:1: 850 daAuts
     D:2: 222 daAuts
